 Dungeon Crawl Stone Soup version 0.27.1-34-g3ba077fa99 (webtiles) character file.

Game seed: 15162164734165874271

3366 alasdair19 the Carver (level 9, 0/79 HPs)
             Began as a Minotaur Fighter on Feb 5, 2022.
             Was a Believer of Okawaru.
             Splashed by an acid dragon's acid (12 damage)
             ... on level 7 of the Dungeon.
             The game lasted 00:24:13 (8348 turns).

alasdair19 the Carver (Minotaur Fighter)            Turns: 8348, Time: 00:24:14

Health: 0/79       AC:  0    Str: 23    XL:     9   Next: 73%
Magic:  9/9        EV:  7    Int:  6    God:    Okawaru [**....]
Gold:   597        SH: 17    Dex: 16    Spells: 8/8 levels left

rFire    . . .     SeeInvis .   q - +0 hunting sling
rCold    . . .     Faith    .   F - +0 tower shield {rPois}
rNeg     . . .     Spirit   .   s - +0 plate armour
rPois    +         Reflect  .   (helmet restricted)
rElec    .         Harm     .   B - +0 cloak
rCorr    .         Rampage  .   (no gloves)
Will     .....                  i - +0 pair of boots
Stlth    ..........             C - amulet of regeneration
HPRegen  1.23/turn              m - +4 ring of evasion
MPRegen  0.11/turn              h - +6 ring of dexterity

@: corroded
A: horns 2, retaliatory headbutt
a: Renounce Religion, Heroism


You were on level 7 of the Dungeon.
You worshipped Okawaru.
Okawaru was pleased with you.
You visited 2 branches of the dungeon, and saw 9 of its levels.
You also visited: Ossuary.

You collected 707 gold pieces.
You spent 110 gold pieces at shops.

Inventory:

Hand Weapons
 e - a +0 falchion
 q - a +0 hunting sling (weapon)
 D - a +0 long sword
Missiles
 x - 94 sling bullets (quivered ammo)
Armour
 c - a +1 kite shield
 i - a +0 pair of boots (worn)
 s - a +0 plate armour (worn)
 B - a +0 cloak (worn)
 F - a +0 tower shield of poison resistance (worn)
Jewellery
 g - an amulet of faith
 h - a +6 ring of dexterity (right hand)
 m - a +4 ring of evasion (left hand)
 C - an amulet of regeneration (around neck)
Wands
 a - a wand of acid (18)
 b - a wand of charming (14)
 n - a wand of paralysis (4)
Scrolls
 d - 3 scrolls of magic mapping
 k - 3 scrolls of fog
 l - a scroll of summoning {unknown}
 p - 4 scrolls of teleportation
 r - a scroll of enchant armour
 t - 2 scrolls of blinking {unknown}
 w - a scroll of immolation {unknown}
 y - a scroll of holy word {unknown}
 E - a scroll of fear {unknown}
 H - 2 scrolls of noise {unknown}
Potions
 f - 2 potions of invisibility
 j - 3 potions of curing
 o - 2 potions of mutation {unknown}
 u - a potion of lignification
 v - 4 potions of brilliance {unknown}
 z - a potion of heal wounds
 A - a potion of haste
 G - a potion of flight {unknown}


   Skills:
 + Level 7.2 Fighting
 + Level 9.1 Long Blades
 + Level 4.3 Slings
 + Level 7.5 Armour
 - Level 0.1 Dodging
 + Level 8.0 Shields
 * Level 1.7 Invocations
 * Level 4.3 Evocations


You had 8 spell levels left.
You didn't know any spells.
Your spell library contained the following spells:

 Spells                   Type           Power      Damage    Failure   Level
 Ozocubu's Armour         Ice            0%         N/A       100%        3
 Tukima's Dance           Hex            0%         N/A       100%        3
 Passage of Golubria      Tloc           N/A        N/A       100%        4
 Metabolic Englaciation   Hex/Ice        0%         N/A       100%        5
 Yara's Violent Unravell  Hex/Tmut       0%         3d3       100%        5
 Simulacrum               Ice/Necr       0%         N/A       100%        6


Dungeon Overview and Level Annotations

Branches:
Dungeon (8/15)             Temple (1/1) D:7         Ossuary (visited)
   Lair: D:8-11

Altars:
Ashenzari
Dithmenos
Gozag
Hepliaklqana
Kikubaaqudgha
Okawaru
Qazlal
Ru
Sif Muna
Trog
Vehumet
Yredelemnul
Zin
The Shining One

Shops:
D:7 *


Innate Abilities, Weirdness & Mutations

You have a pair of horns on your head.
You reflexively headbutt those who attack you in melee.


Message History

The splash of acid misses you. Something hits you but does no damage.
You completely miss the acid dragon.
The acid dragon is severely wounded.
You block the acid dragon's attack. x2; Something hits you but does no damage.
You barely miss the acid dragon.
The acid dragon is severely wounded.
A killer bee zombie comes into view.
The acid dragon bites you but does no damage.
The acid dragon claws you. Something completely misses you.
You block the acid dragon's attack. x2
The killer bee zombie moves out of view.
An orc comes into view. It is wielding a +0 hand axe.
You hit the acid dragon but do no damage.
The acid dragon is severely wounded.
You hear some strange, mumbled words.
Something tries to affect you, but you resist.
The acid dragon spits acid at you. The splash of acid hits you.
The acid corrodes you!
You are splashed with acid!
You hear some strange, mumbled words.
A puff of flame appears from out of thin air!
The puff of flame hits you.
* * * LOW HITPOINT WARNING * * *
Found a fustibalus.
There is a stone staircase leading up here.
The acid dragon spits acid at you. The splash of acid misses you.
You climb upwards.
Reactivating autopickup.
There is a stone staircase leading down here.
q - a +0 hunting sling (weapon)
You block the acid dragon's attack.
The acid dragon claws you but does no damage.
The acid dragon spits acid at you. The splash of acid hits you.
The acid corrodes you!
You are splashed with acid!
* * * LOW HITPOINT WARNING * * *
The acid dragon spits acid at you. The splash of acid hits you!
* * * LOW HITPOINT WARNING * * *
The acid corrodes you!
You are splashed with acid!
You die...

......# #....[............##
...##.###..................##
.......###.#.>..............#
...........#.#............###
..........................##
................D..........#
..............##..........##
.........................##
.#..............@.......##
##..#........)..........##
##..#................##..#
##..#(........)<.........#
........#..###..........##
.......##..####.)........#
.......###...............#
....##.#.#...............#
##.......#...............#


You could see an acid dragon (catching breath).

Vanquished Creatures
  Pikel (D:6)
  A troll (D:7)
  Sigmund (D:3)
  A water moccasin (D:7)
  An orc warrior (D:7)
  2 ice beasts
  A sky beast (D:7)
  An ogre (D:6)
  2 lemures (D:6)
  A centaur (D:6)
  A gnoll sergeant (D:5)
  3 bullfrogs
  3 scorpions
  A wight (D:7)
  A howler monkey (D:7)
  A bullfrog zombie (D:5)
  2 centaur zombies (D:6)
  5 orc priests
  7 hounds
  A gnoll shaman (D:6)
  A centaur skeleton (D:7)
  Jessica (D:3)
  A bullfrog skeleton (D:7)
  5 iguanas
  6 orc wizards
  A hound zombie (D:5)
  A hound skeleton (D:4)
  8 mummies (Ossuary)
  20 gnolls
  5 adders
  2 adder skeletons (D:4)
  3 worms
  3 dart slugs
  28 orcs
  7 ball pythons
  3 endoplasms
  3 giant cockroaches
  2 gnoll zombies (Ossuary)
  42 goblins
  21 hobgoblins
  4 jackals (D:2)
  4 quokkas
  4 bats
  3 frilled lizards
  A hobgoblin zombie (Ossuary)
  4 kobolds
  5 orc zombies (Ossuary)
  8 rats
233 creatures vanquished.

Notes
Turn   | Place    | Note
-------+----------+-------------------------------------------
     0 | D:1      | alasdair19 the Minotaur Fighter began the quest for the
                  | Orb.
     0 | D:1      | Reached XP level 1. HP: 19/19 MP: 0/0
    89 | D:1      | Reached XP level 2. HP: 23/27 MP: 1/1
   987 | D:2      | Reached XP level 3. HP: 33/33 MP: 2/2
  1040 | D:2      | Reached skill level 3 in Long Blades
  2114 | D:3      | Reached XP level 4. HP: 18/40 MP: 3/3
  2255 | D:3      | Reached skill level 4 in Long Blades
  2306 | D:3      | Noticed Jessica
  2321 | D:3      | Killed Jessica
  2322 | D:3      | Reached XP level 5. HP: 31/47 MP: 4/4
  2484 | D:3      | Noticed Sigmund
  2497 | D:3      | Killed Sigmund
  2498 | D:3      | Reached skill level 5 in Long Blades
  2498 | D:3      | Reached skill level 5 in Armour
  2498 | D:3      | Reached XP level 6. HP: 46/53 MP: 5/5
  2913 | D:3      | Reached skill level 5 in Shields
  2917 | D:3      | Reached skill level 5 in Fighting
  3201 | D:4      | Reached XP level 7. HP: 51/61 MP: 6/6
  3209 | D:4      | Reached skill level 6 in Long Blades
  3496 | D:4      | Reached skill level 1 in Slings
  4583 | D:5      | Entered Level 5 of the Dungeon
  4594 | D:5      | Reached skill level 1 in Evocations
  4645 | D:5      | Found a sand-covered staircase.
  4650 | Ossuary  | Entered an ossuary
  4900 | Ossuary  | Reached XP level 8. HP: 67/70 MP: 7/7
  5988 | D:5      | Reached skill level 7 in Long Blades
  6724 | D:6      | Found a shadowy altar of Dithmenos.
  7033 | D:6      | Reached skill level 8 in Long Blades
  7042 | D:6      | Found an ancient bone altar of Kikubaaqudgha.
  7042 | D:6      | Found a basalt altar of Yredelemnul.
  7044 | D:6      | Found a glowing silver altar of Zin.
  7044 | D:6      | Found a hazy altar of Hepliaklqana.
  7047 | D:6      | Found a shimmering blue altar of Sif Muna.
  7441 | D:7      | Found a staircase to the Ecumenical Temple.
  7445 | D:7      | Noticed a troll
  7454 | D:7      | Killed a troll
  7455 | D:7      | Reached XP level 9. HP: 71/78 MP: 8/8
  7487 | Temple   | Entered the Ecumenical Temple
  7493 | Temple   | Became a worshipper of Warmaster Okawaru
  7679 | D:7      | Noticed Pikel
  7741 | D:6      | Killed Pikel
  7741 | D:6      | Reached * piety under Okawaru
  7900 | D:7      | Found Meshio Yneda's Serpentskin Sales.
  7908 | D:7      | Bought a +0 tower shield of poison resistance for 110 gold
                  | pieces
  8007 | D:7      | Reached ** piety under Okawaru
  8008 | D:7      | Reached skill level 1 in Invocations
  8079 | D:7      | Reached skill level 9 in Long Blades
  8348 | D:7      | Splashed by an acid dragon's acid

Illustrated notes

Levels and vault maps discovered:
D:1:      minmay_arrival_checkered_box, layout_basic, minivault_25
D:2:      kennysheep_six_static_rooms, layout_rooms, small_statue_intersection
D:3:      layout_loops_corners, wad_floor_pattern_2, uniq_jessica, uniq_sigmund
D:4:      minmay_goblin_kobold_castle, layout_rooms
D:5:      layout_basic, nicolae_ossuary_entry_ruins,
          chequers_serial_rivers_room_a
D:6:      layout_basic, grunt_temple_overflow_open,
          nicolae_dithmenos_the_darkroom, water_maze_lemuel
D:7:      minmay_spotlight, layout_cave_pools, temple_pool_b,
          guppyfry_shop_venom, uniq_pikel
D:8:      layout_cave_pools, serial_shops, shop
Temple:   eino_narrow_crystal_temple

Skill      XL: |  1  2  3  4  5  6  7  8  9 |
---------------+----------------------------+-----
Armour         | 4 5 6 7 |  7.5
Fighting       | 4 5 6 7 |  7.2
Long Blades    | 3 4 5 6 8 9 |  9.1
Shields        | 4 5 6 8 |  8.0
Slings         | 2 3 4 |  4.3
Evocations     | 1 3 4 |  4.3
Invocations    | 1 |  1.7
Dodging        | |  0.1

Action                   |  1- 3 |  4- 6 |  7- 9 || total
-------------------------+-------+-------+-------++-------
Melee: Long sword        |   111 |    51 |   323 ||   485
       Headbutt          |    16 |     5 |   121 ||   142
       Falchion          |       |       |   130 ||   130
 Fire: Hunting sling     |       |     1 |    91 ||    92
Throw: Throwing net      |       |       |     1 ||     1
Evoke: Wand              |       |       |     1 ||     1
  Use: Potion            |       |     1 |     3 ||     4
       Scroll            |       |     2 |     7 ||     9
Armor: Scale mail        |    26 |       |       ||    26
       Plate armour      |    39 |    46 |   266 ||   351
Dodge: Dodged            |    40 |    34 |   166 ||   240
Block: Kite shield       |    50 |    56 |   274 ||   380
       Tower shield      |       |       |    81 ||    81
       Rpst.: Long sword |    11 |     3 |    31 ||    45
       Falchion          |       |       |     8 ||     8
